 Dungeon Crawl Stone Soup version 0.24.0-13-gcf9b319 (webtiles) character file.

Game seed: 8368199156120839902, levelgen mode: deterministic

700 Aeroq the Conjurer (level 7, 0/50 HPs)
             Began as a Pale Draconian Conjurer on Dec 15, 2019.
             Slain by an orc
             ... wielding a +0 hand axe
              (6 damage)
             ... on level 5 of the Dungeon.
             The game lasted 00:12:44 (7366 turns).

Aeroq the Conjurer (Pale Draconian Conjurer)        Turns: 7366, Time: 00:12:44

Health: 0/50       AC:  6    Str: 11    XL:     7   Next: 38%
Magic:  0/13       EV: 13    Int: 17    God:
Gold:   132        SH:  0    Dex: 11    Spells: 11/14 levels left

rFire    . . .     SeeInvis .   y - +0 dagger (holy)
rCold    . . .     Gourm    .   (no shield)
rNeg     . . .     Faith    .   (armour unavailable)
rPois    +         Spirit   .   (helmet restricted)
rElec    .         Reflect  .   (no cloak)
rCorr    .         Harm     .   (no gloves)
MR       .....                  (no boots)
Stlth    ++........             (no amulet)
HPRegen  0.16/turn              (no ring)
MPRegen  0.13/turn              l - ring of poison resistance

@: no status effects
A: breathe steam, unfitting armour, cold-blooded, AC +6
a: Breathe Steam


You were on level 5 of the Dungeon.
You were hungry.

You visited 1 branch of the dungeon, and saw 5 of its levels.

You collected 132 gold pieces.

Inventory:

Hand Weapons
 y - a +0 dagger of holy wrath (weapon)
Armour
 h - a +0 pair of gloves
Jewellery
 l - a ring of poison resistance (right hand)
Wands
 k - a wand of acid (3)
Scrolls
 b - 2 scrolls of fog
 e - a scroll of identify
 f - 2 scrolls of enchant armour
 i - 2 scrolls of teleportation
 n - a scroll of remove curse
 s - 3 scrolls of immolation {unknown}
 u - 2 scrolls of fear
 v - a scroll of noise {unknown}
 x - 2 scrolls of magic mapping
Potions
 a - a potion of brilliance
 j - a potion of might
 m - a potion of curing
 p - 2 potions of lignification
 q - a potion of degeneration
 r - a potion of ambrosia
 t - a potion of cancellation
Comestibles
 c - 4 chunks of flesh
 w - a ration


   Skills:
 + Level 4.0 Dodging
 - Level 1.8 Stealth
 + Level 4.1 Spellcasting
 * Level 7.1 Conjurations


You had 11 spell levels left.
You knew the following spells:

 Your Spells              Type           Power        Failure   Level  Hunger
a - Magic Dart            Conj           ####         1%          1    None
b - Searing Ray           Conj           ####..       1%          2    ##.....

Your spell library contained the following spells:

 Spells                   Type           Power        Failure   Level  Hunger
 Iskenderun's Mystic Bla  Conj           ####....     9%          4    ####...
 Dazzling Spray           Conj/Hex       ###...       11%         3    ###....
 Force Lance              Conj/Tloc      ###.....     34%         4    ####...
 Fulminant Prism          Conj/Hex       ###.......   34%         4    ####...


Dungeon Overview and Level Annotations

Branches:
Dungeon (5/15)
 Temple: D:4-7

Altars:


Innate Abilities, Weirdness & Mutations

You can breathe blasts of scalding, opaque steam.
Your pale cyan-grey scales are hard. (AC +6)
You cannot fit into any form of body armour.
You are cold-blooded and may be slowed by cold attacks.


Message History

The orc hits you with a +0 hand axe!
* * * LOW HITPOINT WARNING * * *
Casting: Magic Dart (safe; 1% risk of failure)
Confirm with . or Enter, or press ? or * to list all spells.
Aiming: Magic Dart (safe; 1% risk of failure)
Press: ? - help, Shift-Dir - straight line, f/p - phantom
Aim: a phantom (moderately damaged)
The magic dart hits the phantom.
The phantom is heavily damaged.
Evoke which item? (* to show all) (? for menu, Esc to quit)
Aiming: Corrosive Bolt
Press: ? - help, Shift-Dir - straight line, p - phantom A +0 giant club.
There is something else lying underneath.
The bolt of acid misses the orc.
The orc hits you with a +0 hand axe.
* * * LOW HITPOINT WARNING * * *
The orc barely misses you. The orc hits you but does no damage.
The orc hits you with a +0 hand axe.
You die...

. #......#..
...##......#.
........#..'... o
...###..#..#..# ##
'# .. #..##.# ###.#
W.. ...###.<...#
##..#..$.
......W.#..###...'.$
........##.##....#
........##@#.O÷..#
......#..o.#....##
.......>#..'...##
.....####..#..##
..... .....#.## #
####..### #..# #...
#...


You could see an orc.

Vanquished Creatures
  2 phantoms (D:4)
  An ogre (D:5)
  A bullfrog (D:5)
  A bullfrog zombie (D:4)
  2 hounds (D:5)
  2 bullfrog skeletons (D:4)
  Jessica (D:2)
  8 adders
  3 gnolls (D:2)
  An ooze (D:1)
  An adder skeleton (D:4)
  4 worms
  4 dart slugs
  2 leopard geckos (D:2)
  6 orcs
  6 ball pythons
  6 giant cockroaches
  8 goblins
  6 hobgoblins
  3 quokkas
  5 bats
  2 frilled lizards
  6 kobolds
  5 rats
86 creatures vanquished.

Notes
Turn   | Place    | Note
-------+----------+-------------------------------------------
     0 | D:1      | Aeroq the Draconian Conjurer began the quest for the Orb.
     0 | D:1      | Reached XP level 1. HP: 14/14 MP: 3/3
   245 | D:1      | Reached XP level 2. HP: 20/20 MP: 0/5
   846 | D:1      | Learned a level 2 spell: Searing Ray
  1350 | D:1      | Reached XP level 3. HP: 26/26 MP: 6/6
  1782 | D:2      | Noticed Jessica
  1787 | D:2      | Killed Jessica
  1998 | D:2      | Reached skill level 5 in Conjurations
  1998 | D:2      | Reached XP level 4. HP: 33/33 MP: 3/7
  3591 | D:3      | Reached XP level 5. HP: 33/38 MP: 3/9
  4699 | D:4      | Noticed a phantom
  4733 | D:4      | Killed a phantom
  4733 | D:4      | Reached skill level 6 in Conjurations
  4733 | D:4      | Reached XP level 6. HP: 34/45 MP: 0/10
  6895 | D:5      | Entered Level 5 of the Dungeon
  7000 | D:5      | Noticed an ice beast
  7015 | D:5      | Your scales start taking on a pale cyan-grey colour.
  7015 | D:5      | Reached XP level 7. HP: 45/50 MP: 4/12
  7349 | D:5      | Reached skill level 7 in Conjurations
  7366 | D:5      | Slain by an orc

Levels and vault maps discovered:
D:1:      psy_arrival_whirlpool, layout_rooms, chequers_serial_rivers_small_3,
          chequers_serial_rivers_micro_b
D:2:      layout_basic, uniq_jessica
D:3:      layout_basic, minmay_snake_closets
D:4:      layout_loops_corners
D:5:      cheibrodos_thug_alley, layout_basic, first_ration,
          ebering_ghost_rock_garden, minmay_quadrilaterals

Skill      XL: |  1  2  3  4  5  6  7 |
---------------+----------------------+-----
Dodging        | 2 3 4 |  4.0
Conjurations   | 5 6 7 |  7.1
Spellcasting   | 3 4 |  4.1
Stealth        | |  1.8

Action                   |  1- 3 |  4- 6 |  7- 9 || total
-------------------------+-------+-------+-------++-------
Melee: Dagger            |    76 |   139 |    12 ||   227
       Unarmed           |     1 |       |       ||     1
       Tailslap          |     5 |    18 |       ||    23
 Cast: Magic Dart        |    45 |    48 |     8 ||   101
       Searing Ray       |     2 |    24 |     2 ||    28
 Abil: Breathe Steam     |       |       |     1 ||     1
Evoke: Wand              |       |     6 |     1 ||     7
  Use: Scroll            |     4 |     6 |       ||    10
       Potion            |       |     4 |     2 ||     6
 Stab: Sleeping          |     3 |     4 |       ||     7
  Eat: Chunk             |     4 |    13 |     1 ||    18
       Ration            |       |     1 |       ||     1
Armor: Skin              |    23 |    67 |    11 ||   101
Dodge: Dodged            |    62 |   165 |    25 ||   252
